 Dungeon Crawl Stone Soup version 0.26.1-15-g04117e645d (webtiles) character file.

Game seed: 8883006396707520695

31916 tkbsonic5 the Slicer (level 14, -5/102 HPs)
             Began as a Kobold Fighter on Dec 4, 2022.
             Was a Priest of Wu Jian.
             Slain by a death yak (25 damage)
             ... on level 6 of the Lair of Beasts on Dec 18, 2022.
             The game lasted 01:43:28 (23727 turns).

tkbsonic5 the Slicer (Kobold Fighter)              Turns: 23727, Time: 01:43:28

Health: -5/102     AC: 15    Str: 14    XL:     14   Next: 0%
Magic:  0/17       EV: 21    Int: 10    God:    Wu Jian [***...]
Gold:   512        SH:  0    Dex: 18    Spells: 9/17 levels left

rFire    . . .     SeeInvis .   n - +4 dagger (chaos)
rCold    . . .     Faith    .   (shield restricted)
rNeg     . . .     Spirit   +   m - +4 swamp dragon scales
rPois    +         Reflect  .   t - +0 hat
rElec    .         Harm     .   D - +0 cloak
rCorr    .         Rampage  .   e - +0 pair of gloves
Will     ++...                  (no boots)
Stlth    +++++.....             C - amulet of guardian spirit
HPRegen  0.27/turn              p - ring of poison resistance
MPRegen  0.15/turn              B - ring of willpower

@: exhausted
A: small, rugged brown scales 1, nightstalker 3, robust 1
a: Renounce Religion, Wall Jump, Serpent's Lash


You were on level 6 of the Lair of Beasts.
You worshipped Wu Jian.
Wu Jian was most pleased with you.
You visited 3 branches of the dungeon, and saw 18 of its levels.

You collected 692 gold pieces.
You spent 180 gold pieces at shops.

Inventory:

Hand Weapons
 j - a +5 dagger of venom
 n - a +4 dagger of chaos (weapon)
 w - a +0 shortbow
 E - a +0 arbalest
Missiles
 g - 307 arrows
 h - 103 sling bullets
 l - 88 poisoned darts (quivered)
 H - 24 bolts
Armour
 c - a +0 kite shield
 e - a +0 pair of gloves (worn)
 m - +4 swamp dragon scales (worn)
 q - a +0 plate armour
 t - a +0 hat (worn)
 A - a +0 troll leather armour
 D - a +0 cloak (worn)
Jewellery
 p - a ring of poison resistance (left hand)
 x - an uncursed amulet of reflection
 B - a ring of willpower (right hand)
 C - an amulet of guardian spirit (around neck)
Wands
 i - a wand of digging (4)
Scrolls
 a - 4 scrolls of identify
 b - a scroll of magic mapping
 f - 10 scrolls of remove curse
 F - a scroll of amnesia
Potions
 k - 2 potions of brilliance
 r - 3 potions of flight


   Skills:
 * Level 11.6 Fighting
 * Level 13.4 Short Blades
 - Level 5.9 Bows
 * Level 5.7 Crossbows
 + Level 4.9 Armour
 * Level 11.1 Dodging
 + Level 9.5 Stealth
 + Level 5.0 Shields
 - Level 2.2 Spellcasting
 - Level 2.1 Transmutations
 - Level 2.0 Fire Magic
 - Level 2.1 Poison Magic
 * Level 8.0 Evocations


You had 9 spell levels left.
You knew the following spells:

 Your Spells              Type           Power        Failure   Level
a - Ignite Poison         Fire/Tmut/Pois 5%           58%         3
b - Apportation           Tloc           2%           52%         1
c - Foxfire               Conj/Fire      12%          36%         1
d - Summon Small Mammal   Summ           4%           52%         1
e - Corona                Hex            1%           52%         1
f - Animate Skeleton      Necr           2%           52%         1

Your spell library contained the following spells:

 Spells                   Type           Power        Failure   Level
 Freeze                   Ice            4%           52%         1
 Magic Dart               Conj           4%           52%         1
 Searing Ray              Conj           2%           65%         2
 Slow                     Hex            1%           65%         2
 Conjure Flame            Conj/Fire      3%           75%         3
 Inner Flame              Hex/Fire       3%           75%         3
 Dazzling Flash           Conj/Hex       2%           87%         3
 Frozen Ramparts          Ice            2%           87%         3
 Ozocubu's Armour         Ice            1%           87%         3
 Portal Projectile        Hex/Tloc       2%           87%         3
 Sticky Flame             Conj/Fire      3%           98%         4
 Cause Fear               Hex            0%           99%         4
 Fulminant Prism          Conj/Hex       0%           99%         4
 Hailstorm                Conj/Ice       1%           99%         4
 Iskenderun's Mystic Bla  Conj/Tloc      1%           99%         4
 Leda's Liquefaction      Hex/Erth       0%           99%         4
 Summon Ice Beast         Ice/Summ       1%           99%         4
 Fireball                 Conj/Fire      1%           100%        5
 Silence                  Hex/Air        0%           100%        5
 Yara's Violent Unravell  Hex/Tmut       1%           100%        5
 Starburst                Conj/Fire      1%           100%        6
 Discord                  Hex            0%           100%        8
 Ignition                 Fire           2%           100%        8


Dungeon Overview and Level Annotations

Branches:
Dungeon (11/15)            Temple (1/1) D:6            Lair (6/6) D:11
  Snake (0/4) Lair:3          Orc (0/2) D:9
  Swamp: Lair:2-4    Shoals: Lair:2-4     Slime: Lair:5-6

Altars:
Ashenzari
Cheibriados
Dithmenos
Elyvilon
Fedhas
Gozag
Hepliaklqana
Kikubaaqudgha
Makhleb
Nemelex Xobeh
Okawaru
Ru
Sif Muna
Trog
Uskayaw
Vehumet
Wu Jian
Xom
Zin
The Shining One

Shops:
D:7 *

Annotations:
D:3 exclusion: oklob plant
D:4 3 runed translucent doors, BiteMe's ghost, novice FoEE
D:10 1 runed translucent door
Lair:4 exclusion: oklob plant


Innate Abilities, Weirdness & Mutations

You are small and have problems with some larger weapons.
You are completely attuned to the shadows.
You are partially covered in rugged brown scales. (AC +1, +3% HP)
You are robust. (+10% HP)


Message History

The death yak gores you!!
* * * LOW HITPOINT WARNING * * *
Your muscles tense, ready for explosive movement...
Your supernatural speed expires.
Okay, then.
You are too exhausted to lash out.
There is a stone staircase leading down here.
Okay, then.
The death yak gores you but does no damage. x2
You climb downwards.
There is a stone staircase leading up here.
You hit the death yak but do no damage. You drain the death yak.
The death yak is lightly wounded.
The death yak misses you.
You hit the death yak but do no damage.
The death yak is lightly wounded.
You hit the death yak but do no damage.
The death yak is lightly wounded.
The death yak gores you!!
You die...

.........
.........
.........
.........
....@Y.#
.........
.........
.........
.........


You could see a death yak (berserk, strong, poisoned, drained).

Vanquished Creatures
  3 hydras
  A catoblepas (Lair:3)
  Harold (D:10)
  A two-headed ogre (D:8)
  A queen ant (Lair:5)
  7 elephants (Lair:5)
  7 black mambas
  Psyche (D:8)
  A centaur skeleton (D:11)
  A torpor snail (Lair:4)
  13 cane toads
  A rime drake (Lair:1)
  Maggie (D:7)
  10 komodo dragons
  A polar bear (Lair:1)
  A troll (D:10)
  11 blink frogs
  3 dream sheep (Lair:5)
  A wyvern (Lair:3)
  3 basilisks
  26 yaks
  10 water moccasins
  2 wargs (D:11)
  6 soldier ants (Lair:5)
  An orc warrior (D:11)
  3 black bears
  An ice beast (D:8)
  10 ogres
  2 phantoms
  5 wolves (Lair:2)
  7 centaurs
  19 bullfrogs
  3 scorpions
  A wyvern skeleton (D:10)
  5 wights (D:9)
  3 killer bees (D:10)
  3 howler monkeys
  A bullfrog zombie (D:4)
  A crimson imp (D:6)
  2 jellies
  7 orc priests
  9 orc wizards
  A gnoll shaman (D:4)
  A bullfrog skeleton (D:11)
  Terence (D:3)
  4 iguanas
  23 worker ants
  A hound zombie (D:8)
  A howler monkey skeleton (D:6)
  A howler monkey zombie (D:6)
  20 adders
  2 shadow imps (D:9)
  2 white imps
  An ufetubus (D:6)
  An ooze (D:1)
  An adder zombie (D:7)
  An adder skeleton (D:4)
  5 worms
  2 dart slugs (D:2)
  6 leopard geckos
  25 orcs
  5 giant cockroaches
  11 goblins
  4 hobgoblins
  5 jackals
  3 quokkas
  5 bats
  6 frilled lizards
  10 kobolds
  A quokka skeleton (D:8)
  10 rats
355 creatures vanquished.

Vanquished Creatures (others)
  24 fungi
  19 plants
43 creatures vanquished.

Grand Total: 398 creatures vanquished

Notes
Turn   | Place    | Note
-------+----------+-------------------------------------------
     0 | D:1      | tkbsonic5 the Kobold Fighter began the quest for the Orb.
     0 | D:1      | Reached XP level 1. HP: 14/14 MP: 1/1
   326 | D:1      | Reached skill level 3 in Short Blades
   328 | D:1      | Reached XP level 2. HP: 16/19 MP: 2/2
   445 | D:1      | Reached skill level 1 in Dodging
   533 | D:1      | Reached XP level 3. HP: 24/24 MP: 3/3
  1313 | D:2      | Reached skill level 4 in Short Blades
  1313 | D:2      | Reached XP level 4. HP: 29/29 MP: 4/4
  2012 | D:2      | Reached XP level 5. HP: 34/34 MP: 5/5
  2607 | D:3      | Reached skill level 5 in Short Blades
  2622 | D:3      | Reached skill level 5 in Fighting
  2622 | D:3      | Reached XP level 6. HP: 31/40 MP: 6/6
  2786 | D:3      | Found a radiant altar of Vehumet.
  2881 | D:3      | Found a blossoming altar of Fedhas.
  3084 | D:3      | Noticed Terence
  3088 | D:3      | Killed Terence
  3214 | D:3      | Noticed an ogre
  3262 | D:3      | Killed an ogre
  3263 | D:3      | Reached skill level 6 in Short Blades
  3263 | D:3      | Reached skill level 1 in Stealth
  3529 | D:3      | Reached XP level 7. HP: 43/44 MP: 7/7
  3561 | D:3      | Found a shimmering blue altar of Sif Muna.
  3664 | D:3      | Noticed an oklob plant
  3766 | D:4      | You fall into a shaft and drop 1 floor!
  3766 | D:5      | Entered Level 5 of the Dungeon
  4234 | D:4      | Found a runed translucent gate.
  4235 | D:4      | Found a runed translucent gate.
  4236 | D:4      | Found a runed translucent gate.
  4238 | D:4      | Noticed BiteMe's ghost (novice FoEE)
  4673 | D:4      | Reached skill level 7 in Short Blades
  4990 | D:4      | Reached XP level 8. HP: 52/52 MP: 8/8
  5228 | D:4      | Found an ancient bone altar of Kikubaaqudgha.
  5933 | D:6      | Reached skill level 8 in Short Blades
  6197 | D:6      | Found a hazy altar of Hepliaklqana.
  6354 | D:6      | Found a staircase to the Ecumenical Temple.
  6636 | D:6      | Found a bloodstained altar of Trog.
  6831 | D:6      | Reached skill level 1 in Bows
  6831 | D:6      | Reached skill level 5 in Dodging
  6945 | D:6      | Found a burning altar of Makhleb.
  6956 | D:6      | Reached XP level 9. HP: 57/57 MP: 9/9
  7214 | Temple   | Entered the Ecumenical Temple
  7350 | Temple   | Became a worshipper of the Wu Jian Council
  7558 | D:7      | Noticed Maggie
  7577 | D:7      | Found Fozof's Assorted Antiques.
  7582 | D:7      | Bought a scroll of blinking for 180 gold pieces
  7591 | D:7      | Gained mutation: You are partially covered in rugged brown
                  | scales. (AC +1, +3% HP) [potion of mutation]
  7591 | D:7      | Gained mutation: You are robust. (+10% HP) [potion of
                  | mutation]
  8271 | D:7      | Killed Maggie
  8272 | D:7      | Reached skill level 9 in Short Blades
  8272 | D:7      | Reached skill level 5 in Stealth
  8462 | D:7      | Found a shadowy altar of Dithmenos.
  8462 | D:7      | Found a glowing silver altar of Zin.
  8462 | D:7      | Found an opulent altar of Gozag.
  9110 | D:8      | Noticed a two-headed ogre
  9134 | D:8      | Killed a two-headed ogre
  9135 | D:8      | Reached XP level 10. HP: 23/73 MP: 10/10
  9685 | D:8      | Reached skill level 10 in Short Blades
 10067 | D:8      | Noticed Psyche
 10083 | D:8      | Killed Psyche
 11140 | D:9      | Reached * piety under Wu Jian
 11581 | D:9      | Found a staircase to the Orcish Mines.
 12012 | D:10     | Entered Level 10 of the Dungeon
 12115 | D:9      | Reached skill level 5 in Bows
 12264 | D:10     | Noticed Harold
 12273 | D:10     | Killed Harold
 12274 | D:10     | Reached skill level 1 in Evocations
 12274 | D:10     | Reached XP level 11. HP: 80/80 MP: 11/11
 12430 | D:10     | Found a runed translucent door.
 12454 | D:10     | Reached skill level 11 in Short Blades
 13088 | D:10     | Noticed an angel
 13258 | D:10     | Learned a level 3 spell: Ignite Poison
 13260 | D:10     | Learned a level 1 spell: Apportation
 13262 | D:10     | Learned a level 1 spell: Foxfire
 13264 | D:10     | Learned a level 1 spell: Summon Small Mammal
 13266 | D:10     | Learned a level 1 spell: Corona
 13268 | D:10     | Learned a level 1 spell: Animate Skeleton
 13397 | D:11     | Reached ** piety under Wu Jian
 14122 | D:11     | Found a staircase to the Lair.
 14403 | D:11     | Reached skill level 1 in Spellcasting
 14511 | Lair:1   | Entered Level 1 of the Lair of Beasts
 14519 | Lair:1   | Reached skill level 10 in Fighting
 14556 | Lair:1   | Reached skill level 1 in Fire Magic
 14658 | Lair:1   | Reached skill level 1 in Transmutations
 14658 | Lair:1   | Reached skill level 1 in Poison Magic
 14868 | D:11     | Reached XP level 12. HP: 61/87 MP: 14/14
 15091 | D:11     | Reached *** piety under Wu Jian
 15845 | Lair:1   | Noticed a four-headed hydra
 16337 | Lair:2   | Reached skill level 5 in Evocations
 16810 | Lair:2   | Reached skill level 12 in Short Blades
 17476 | Lair:3   | Noticed a catoblepas
 17483 | Lair:3   | Killed a catoblepas
 17484 | Lair:3   | Reached skill level 1 in Crossbows
 18182 | Lair:3   | Reached skill level 10 in Dodging
 18442 | Lair:3   | Found a staircase to the Snake Pit.
 18735 | Lair:4   | Noticed a six-headed hydra
 18739 | Lair:4   | Killed a six-headed hydra
 18887 | Lair:4   | Reached XP level 13. HP: 89/94 MP: 16/16
 19270 | Lair:4   | Noticed a four-headed hydra
 19273 | Lair:4   | Killed a four-headed hydra
 21147 | Lair:5   | Noticed a seven-headed hydra
 21218 | Lair:5   | Reached skill level 13 in Short Blades
 21575 | Lair:5   | Killed a seven-headed hydra
 21679 | Lair:5   | Reached skill level 5 in Crossbows
 21974 | Lair:5   | Noticed an entropy weaver
 21974 | Lair:5   | Noticed an entropy weaver
 23615 | Lair:5   | Reached skill level 5 in Shields
 23708 | Lair:5   | Reached XP level 14. HP: 100/102 MP: 17/17
 23724 | Lair:6   | Entered Level 6 of the Lair of Beasts
 23727 | Lair:6   | Slain by a death yak

Illustrated notes

Levels and vault maps discovered:
D:1:      minmay_arrival_arboretum_small, layout_loops_cross
D:2:      minmay_angry_zag, layout_basic
D:3:      cheibrodos_old_hovel, layout_basic, marbit_many_paths,
          old_standard_altar, tgw_fedhas, uniq_terence
D:4:      layout_layer_cave, kiku_gazebo_garden_becter,
          ebering_ghost_rock_garden, minmay_pentangle
D:5:      layout_basic, basic_altar, serial_shops, nicolae_shop_crystal,
          minmay_misc_feat_rows
D:6:      layout_basic, makhleb_grotto_becter, kennysheep_little_box,
          bloody_trog, temple_hall
D:7:      layout_loops_cross, gammafunk_temple_overflow_claw, serial_shops,
          shop, enter_bailey_2, chequers_serial_rivers_room_b,
          kennysheep_generic_room_5, uniq_maggie
D:8:      layout_layer_cave, uniq_psyche
D:9:      layout_roguey, orc_0_dummy
D:10:     layout_long_grid, lemuel_angel_altar, uniq_harold
D:11:     layout_long_grid, erik_lair_orcish_takeover
Temple:   oiseaux_autumnal_temple
Lair:1:   layout_small_grid, chequers_serial_rivers_large_b,
          infiniplex_staircase_pool, grunt_megastairs_4
Lair:2:   layout_cave_pods
Lair:3:   layout_regular_city, minmay_swamp_entry_worms, dummy_snake_entry,
          st_stairs_9, uniq_prince_ribbit2
Lair:4:   layout_loops_ring, minmay_lair_oklob_chamber, grunt_megastairs_5
Lair:5:   layout_cave_pods, minmay_another_anthill
Lair:6:   wormcave, layout_gridlike, minmay_slime_entry_oklob_enclosed

Skill      XL: |  1  2  3  4  5  6  7  8  9 10 11 12 13 |
---------------+----------------------------------------+-----
Short Blades   | 3 4 5 6 7 8 9 10 11 12 13 | 13.4
Dodging        | 1 2 3 5 6 8 9 10 11 | 11.1
Fighting       | 4 5 6 7 8 9 10 11 | 11.6
Stealth        | 1 2 4 5 7 8 9 |  9.5
Bows           | 1 3 5 |  5.9
Armour         | 3 4 |  4.9
Shields        | 3 4 5 |  5.0
Evocations     | 1 4 6 8 |  8.0
Spellcasting   | 1 2 |  2.2
Fire Magic     | 1 2 |  2.0
Transmutations | 1 2 |  2.1
Poison Magic   | 1 2 |  2.1
Crossbows      | 2 5 |  5.7

Action                   |  1- 3 |  4- 6 |  7- 9 | 10-12 | 13-15 || total
-------------------------+-------+-------+-------+-------+-------++-------
Melee: Rapier            |    85 |       |     6 |       |       ||    91
       Dagger            |    19 |   138 |   365 |   839 |   571 ||  1932
       War axe           |       |       |     8 |       |       ||     8
 Fire: Shortbow          |       |       |     1 |    24 |       ||    25
       Arbalest          |       |       |       |     1 |     2 ||     3
Throw: Dart              |       |       |    13 |    37 |    35 ||    85
       Throwing net      |       |       |       |     9 |       ||     9
Invok: Lunge             |       |       |     5 |    29 |     7 ||    41
       Whirlwind         |       |       |       |    14 |    19 ||    33
       Serpent's Lash    |       |       |       |     2 |    10 ||    12
 Abil: Wall Jump         |       |       |       |       |    10 ||    10
Evoke: Wand              |       |       |       |    55 |    21 ||    76
  Use: Scroll            |     9 |     7 |    13 |    19 |     8 ||    56
       Potion            |       |     1 |     9 |     3 |     5 ||    18
 Stab: Distracted        |     1 |       |       |     1 |     2 ||     4
       Sleeping          |       |       |     9 |     7 |     5 ||    21
       Confused          |       |       |       |     2 |       ||     2
       Held in net/web   |       |       |       |     3 |       ||     3
       Petrified         |       |       |       |       |     2 ||     2
       Petrifying        |       |       |       |       |     1 ||     1
       Paralysed         |       |       |       |       |     1 ||     1
Armor: Scale mail        |    24 |    32 |    36 |       |       ||    92
       Chain mail        |       |       |    19 |       |       ||    19
       Swamp dragon scal |       |       |     6 |   109 |    72 ||   187
Dodge: Dodged            |    28 |    32 |    87 |   372 |   310 ||   829
Block: Kite shield       |    41 |    47 |    80 |    16 |       ||   184
       Other             |       |       |    11 |    48 |       ||    59
       Reflection        |       |       |       |     1 |       ||     1
